 Dungeon Crawl Stone Soup version 0.29-a0-648-g6b26cc9f40 (webtiles) character file.

Game seed: 7625507274724131507

149 Bnni the Skirmisher (level 5, 0/64 HPs)
             Began as a Demonspawn Fighter on June 20, 2022.
             Slain by a goblin
             ... wielding a +0 club
             ... led by Robin
              (3 damage)
             ... on level 3 of the Dungeon.
             The game lasted 00:04:03 (2284 turns).

Bnni the Skirmisher (Demonspawn Fighter)            Turns: 2284, Time: 00:04:04

Health: 0/64       AC:  7    Str: 18    XL:     5   Next: 9%
Magic:  5/5        EV:  9    Int:  9    God:
Gold:   66         SH:  4    Dex: 13    Spells: 4/4 levels left

rFire   . . .      SeeInvis .   k - +2 dagger (venom)
rCold   . . .      Faith    .   c - +0 buckler
rNeg    . . .      Spirit   .   b - +0 scale mail
rPois   .          Reflect  .   (helmet restricted)
rElec   .          Harm     .   p - +0 cloak
rCorr   .          Rampage  .   (no gloves)
Will    .....                   (no boots)
Stlth   ..........              (no amulet)
HPRegen 0.20/turn               (no ring)
MPRegen 0.09/turn               (no ring)

@: berserking, very quick
A: horns 2, powered by pain 1
a: no special abilities


You were on level 3 of the Dungeon.
You visited 1 branch of the dungeon, and saw 3 of its levels.

You collected 66 gold pieces.

Inventory:

Hand Weapons
 a - a +0 trident
 k - a +2 dagger of venom (weapon)
 m - the +5 hand axe "Sarcophage" {antimagic, rElec rF- rC+}
   (You found it on level 2 of the Dungeon)

   It reduces the magical energy of the wielder, and disrupts the spells and
   magical abilities of those it strikes.
   Natural abilities and divine invocations are not affected.
   rF:        It makes you vulnerable to fire.
   rC:        It protects you from cold.
   rElec:     It insulates you from electricity.
Armour
 b - a +0 scale mail (worn)
 c - a +0 buckler (worn)
 p - a +0 cloak (worn)
Scrolls
 e - 4 scrolls of amnesia {unknown}
 i - a scroll of identify {unknown}
 n - 2 scrolls of fog {unknown}
 q - a scroll of blinking {unknown}
 r - a scroll of immolation {unknown}
Potions
 d - a potion of might
 f - 2 potions of heal wounds {unknown}
 g - 2 potions of flight {unknown}
 h - a potion of berserk rage
 j - a potion of haste {unknown}
 l - 2 potions of curing {unknown}
 o - a potion of degeneration {unknown}


   Skills:
 + Level 4.6 Fighting
 + Level 3.6 Polearms
 - Level 2.6 Armour
 - Level 2.6 Shields


You had 4 spell levels left.
You didn't know any spells.
Your spell library was empty.

Dungeon Overview and Level Annotations

Branches:
Dungeon (3/15)

Altars:


Innate Abilities, Weirdness & Mutations

You have a pair of horns on your head.
You sometimes gain a little power by taking damage.


Message History

The goblin hits you but does no damage. The goblin closely misses you.
The hobgoblin barely misses you. The goblin closely misses you.
The goblin hits you with a +0 club. You block the goblin's attack.
The goblin hits you but does no damage. The hobgoblin hits you.
* * * LOW HITPOINT WARNING * * *
The goblin barely misses you. x2; The goblin hits you with a +0 club.
* * * LOW HITPOINT WARNING * * *
You are too injured to fight recklessly!
You are too injured to fight recklessly!
You are too injured to fight recklessly!
Unknown command.
Unknown command.
It was a potion of berserk rage.
A red film seems to cover your vision as you go berserk!
You feel yourself moving faster!
You feel mighty!
You block the goblin's attack. x2; The goblin hits you but does no damage.
The goblin barely misses you. The goblin hits you with a +0 club.
* * * LOW HITPOINT WARNING * * *
The goblin hits you but does no damage. The hobgoblin hits you.
* * * LOW HITPOINT WARNING * * *
You puncture the goblin!
You kill the goblin!
You puncture the goblin!
You kill the goblin!
The hobgoblin hits you but does no damage.
The goblin completely misses you. The goblin hits you but does no damage.
Robin throws the goblin at you! You block the goblin's attack.
The goblin barely misses you.
You hit the hobgoblin.
You kill the hobgoblin!
The goblin hits you but does no damage. You block the goblin's attack. x2
The goblin hits you with a +0 club.
* * * LOW HITPOINT WARNING * * *
You puncture Robin!
Robin is poisoned.
Robin is severely wounded.
You hit Robin.
Robin looks as sick as possible!
You headbutt Robin.
You kill Robin!
The goblin no longer looks unusually strong.
You block the goblin's attack. The goblin hits you with a +0 club.
You die...

## ############
##≈≈..#...#......#
#≈≈≈..'...'......#
##≈≈≈..#...#......#
#≈≈#########..##)g#
#≈≈#..........#g@g#
..)'......)...#))g#
...)..........#...#
...†..........#...#
.≈≈#..........#...#
.≈≈#########..#...#
.#≈≈≈..#...#).#...#
.#≈≈≈..'...)..##+##
.##≈≈..#...#####


You could see 4 goblins.

Vanquished Creatures
  Crazy Yiuf (D:2)
  Terence (D:2)
  Robin (D:3)
  2 adders
  A dart slug (D:2)
  4 bats
  5 endoplasms
  A giant cockroach (D:3)
  15 goblins
  9 hobgoblins
  5 jackals
  2 quokkas
  9 ball pythons
  3 frilled lizards (D:2)
  6 kobolds (D:2)
  8 rats
73 creatures vanquished.

Vanquished Creatures (others)
  A fungus (D:3)
1 creature vanquished.

Grand Total: 74 creatures vanquished

Notes
Turn   | Place    | Note
-------+----------+-------------------------------------------
     0 | D:1      | Bnni the Demonspawn Fighter began the quest for the Orb.
     0 | D:1      | Reached XP level 1. HP: 18/18 MP: 1/1
   300 | D:1      | Gained mutation: You sometimes gain a little power by
                  | taking damage. [demonic ancestry]
   300 | D:1      | Reached XP level 2. HP: 24/24 MP: 2/2
   774 | D:2      | Gained mutation: You have a pair of small horns on your
                  | head. [demonic ancestry]
   774 | D:2      | Reached XP level 3. HP: 29/29 MP: 3/3
   781 | D:2      | Identified the +5 hand axe "Sarcophage" {antimagic, rElec
                  | rF- rC+}
   807 | D:2      | Noticed Terence
   816 | D:2      | Killed Terence
   823 | D:2      | Reached skill level 4 in Fighting
  1020 | D:2      | Reached XP level 4. HP: 35/37 MP: 4/4
  1282 | D:2      | Found a runed translucent door.
  1283 | D:2      | Noticed Crazy Yiuf
  1294 | D:2      | Killed Crazy Yiuf
  2093 | D:3      | Found a faded altar of an unknown god.
  2177 | D:3      | Gained mutation: You have a pair of horns on your head.
                  | [demonic ancestry]
  2177 | D:3      | Reached XP level 5. HP: 33/43 MP: 5/5
  2271 | D:3      | Noticed Robin
  2282 | D:3      | HP: 3/64 [goblin/+0 club[Robin] (1)]
  2284 | D:3      | Killed Robin
  2284 | D:3      | Slain by a goblin

Illustrated notes

Levels and vault maps discovered:
D:1:      matt_arrival_los_fun, layout_basic, hangedman_decor_diamond_cutter,
          minmay_misc_feat_chi
D:2:      layout_loops_corners, uniq_crazy_yiuf_cottage, uniq_terence
D:3:      kennysheep_goblin_castle, layout_loops_ring, serial_shops, shop,
          dreamdust_ecumenical_altar_grove, minmay_misc_feat_tiny,
          corexii_item_surrounded_by_moat, uniq_robin, uniq_grinder

Skill      XL: |  1  2  3 |
---------------+----------+-----
Polearms       | 2 3 |  3.6
Fighting       | 4 |  4.6
Armour         | |  2.6
Shields        | |  2.6

Action                   |  1- 3 |  4- 6 || total
-------------------------+-------+-------++-------
Melee: Trident           |    24 |       ||    24
       Dagger            |    53 |    91 ||   144
       Headbutt          |     5 |    17 ||    22
  Use: Potion            |       |     1 ||     1
Armor: Scale mail        |    24 |    57 ||    81
Dodge: Dodged            |    26 |    51 ||    77
Block: Buckler           |    18 |    32 ||    50

Table legend: (Time is in decaauts)
 A = Elapsed time spent in this place.
 B = Non-inter-level travel time spent in this place.
 C = Inter-level travel time spent in this place.
 D = Time resting spent in this place.
 E = Time spent auto-exploring this place.
 F = Levels seen in this place.
 G = Mean time per level.
                   A        B        C        D        E       F      G
               +--------+--------+--------+--------+--------+-----+--------+
         Total |   2295 |   2242 |     53 |      0 |   1851 |   3 |  765.0 |
       Dungeon |   2295 |   2242 |     53 |      0 |   1851 |   3 |  765.0 |
               +--------+--------+--------+--------+--------+-----+--------+

Top non-repeatable levels by time:
     D:2: 1201 daAuts
     D:1: 762 daAuts
     D:3: 331 daAuts
